%YAML 1.1
%TAG !u! tag:unity3d.com,2011:
--- !u!1 &1419532655203455660
GameObject:
  m_ObjectHideFlags: 0
  m_CorrespondingSourceObject: {fileID: 0}
  m_PrefabInstance: {fileID: 0}
  m_PrefabAsset: {fileID: 0}
  serializedVersion: 6
  m_Component:
  - component: {fileID: 5277455846171929513}
  m_Layer: 0
  m_Name: Objects
  m_TagString: Untagged
  m_Icon: {fileID: 0}
  m_NavMeshLayer: 0
  m_StaticEditorFlags: 0
  m_IsActive: 1
--- !u!4 &5277455846171929513
Transform:
  m_ObjectHideFlags: 0
  m_CorrespondingSourceObject: {fileID: 0}
  m_PrefabInstance: {fileID: 0}
  m_PrefabAsset: {fileID: 0}
  m_GameObject: {fileID: 1419532655203455660}
  m_LocalRotation: {x: -0, y: -0, z: -0, w: 1}
  m_LocalPosition: {x: 0, y: -0.007, z: 0.261}
  m_LocalScale: {x: 1, y: 1, z: 1}
  m_Children:
  - {fileID: 6429760196400350066}
  - {fileID: 8331271604403743627}
  - {fileID: 5925019217854741893}
  - {fileID: 6242205712209867786}
  - {fileID: 7072556026220445511}
  - {fileID: 6635449590696284550}
  - {fileID: 3742326385507718210}
  - {fileID: 5930361839679814477}
  - {fileID: 8292455007315106414}
  - {fileID: 6153862653561718892}
  - {fileID: 6921622297190581885}
  m_Father: {fileID: 5346283268901420382}
  m_RootOrder: 2
  m_LocalEulerAnglesHint: {x: 0, y: 0, z: 0}
--- !u!1 &5283814685372248052
GameObject:
  m_ObjectHideFlags: 0
  m_CorrespondingSourceObject: {fileID: 0}
  m_PrefabInstance: {fileID: 0}
  m_PrefabAsset: {fileID: 0}
  serializedVersion: 6
  m_Component:
  - component: {fileID: 4619941396194062958}
  - component: {fileID: 8969117453562574149}
  m_Layer: 0
  m_Name: Start
  m_TagString: Start
  m_Icon: {fileID: 0}
  m_NavMeshLayer: 0
  m_StaticEditorFlags: 0
  m_IsActive: 1
--- !u!4 &4619941396194062958
Transform:
  m_ObjectHideFlags: 0
  m_CorrespondingSourceObject: {fileID: 0}
  m_PrefabInstance: {fileID: 0}
  m_PrefabAsset: {fileID: 0}
  m_GameObject: {fileID: 5283814685372248052}
  m_LocalRotation: {x: 0, y: 0, z: 0, w: 1}
  m_LocalPosition: {x: 0.179, y: 0.063, z: 0.149}
  m_LocalScale: {x: 1, y: 1, z: 1}
  m_Children: []
  m_Father: {fileID: 5346283268901420382}
  m_RootOrder: 3
  m_LocalEulerAnglesHint: {x: 0, y: 0, z: 0}
--- !u!135 &8969117453562574149
SphereCollider:
  m_ObjectHideFlags: 0
  m_CorrespondingSourceObject: {fileID: 0}
  m_PrefabInstance: {fileID: 0}
  m_PrefabAsset: {fileID: 0}
  m_GameObject: {fileID: 5283814685372248052}
  m_Material: {fileID: 0}
  m_IsTrigger: 1
  m_Enabled: 1
  serializedVersion: 2
  m_Radius: 0.05
  m_Center: {x: 0, y: 0, z: 0}
--- !u!1 &5973160095868361305
GameObject:
  m_ObjectHideFlags: 0
  m_CorrespondingSourceObject: {fileID: 0}
  m_PrefabInstance: {fileID: 0}
  m_PrefabAsset: {fileID: 0}
  serializedVersion: 6
  m_Component:
  - component: {fileID: 5346283268901420382}
  - component: {fileID: 3475259902812704355}
  m_Layer: 0
  m_Name: Level 6
  m_TagString: Untagged
  m_Icon: {fileID: 0}
  m_NavMeshLayer: 0
  m_StaticEditorFlags: 0
  m_IsActive: 1
--- !u!4 &5346283268901420382
Transform:
  m_ObjectHideFlags: 0
  m_CorrespondingSourceObject: {fileID: 0}
  m_PrefabInstance: {fileID: 0}
  m_PrefabAsset: {fileID: 0}
  m_GameObject: {fileID: 5973160095868361305}
  m_LocalRotation: {x: 0, y: 0, z: 0, w: 1}
  m_LocalPosition: {x: 0, y: 0, z: 0}
  m_LocalScale: {x: 5, y: 5, z: 5}
  m_Children:
  - {fileID: 7999900657063624164}
  - {fileID: 1340675788770934708}
  - {fileID: 5277455846171929513}
  - {fileID: 4619941396194062958}
  - {fileID: 8195983085639783121}
  m_Father: {fileID: 0}
  m_RootOrder: 0
  m_LocalEulerAnglesHint: {x: 0, y: 0, z: 0}
--- !u!114 &3475259902812704355
MonoBehaviour:
  m_ObjectHideFlags: 0
  m_CorrespondingSourceObject: {fileID: 0}
  m_PrefabInstance: {fileID: 0}
  m_PrefabAsset: {fileID: 0}
  m_GameObject: {fileID: 5973160095868361305}
  m_Enabled: 1
  m_EditorHideFlags: 0
  m_Script: {fileID: 11500000, guid: 0d38a2a67a6d84fcb984cf7eafb31f9d, type: 3}
  m_Name: 
  m_EditorClassIdentifier: 
  threeStars: 1
  twoStars: 2
  oneStar: 3
  currentStars: 0
  startPoint: {fileID: 5283814685372248052}
  endPoint: {fileID: 2924379490007014071}
  unlockableCoinImage: {fileID: -3782945615049293857, guid: b00d7a6861ab34c0585d63d535d5172b,
    type: 3}
--- !u!1001 &1198082814624620383
PrefabInstance:
  m_ObjectHideFlags: 0
  serializedVersion: 2
  m_Modification:
    m_TransformParent: {fileID: 5277455846171929513}
    m_Modifications:
    - target: {fileID: 5113172097649240881, guid: f76bc534d0e244d4a87835ede1011540,
        type: 3}
      propertyPath: m_Name
      value: Unlucky_strikes
      objectReference: {fileID: 0}
    - target: {fileID: 8119703389493041442, guid: f76bc534d0e244d4a87835ede1011540,
        type: 3}
      propertyPath: m_LocalPosition.x
      value: 0.36229998
      objectReference: {fileID: 0}
    - target: {fileID: 8119703389493041442, guid: f76bc534d0e244d4a87835ede1011540,
        type: 3}
      propertyPath: m_LocalPosition.y
      value: 0.0223
      objectReference: {fileID: 0}
    - target: {fileID: 8119703389493041442, guid: f76bc534d0e244d4a87835ede1011540,
        type: 3}
      propertyPath: m_LocalPosition.z
      value: -0.11430001
      objectReference: {fileID: 0}
    - target: {fileID: 8119703389493041442, guid: f76bc534d0e244d4a87835ede1011540,
        type: 3}
      propertyPath: m_LocalRotation.x
      value: -0.5
      objectReference: {fileID: 0}
    - target: {fileID: 8119703389493041442, guid: f76bc534d0e244d4a87835ede1011540,
        type: 3}
      propertyPath: m_LocalRotation.y
      value: 0.5
      objectReference: {fileID: 0}
    - target: {fileID: 8119703389493041442, guid: f76bc534d0e244d4a87835ede1011540,
        type: 3}
      propertyPath: m_LocalRotation.z
      value: -0.5
      objectReference: {fileID: 0}
    - target: {fileID: 8119703389493041442, guid: f76bc534d0e244d4a87835ede1011540,
        type: 3}
      propertyPath: m_LocalRotation.w
      value: 0.5
      objectReference: {fileID: 0}
    - target: {fileID: 8119703389493041442, guid: f76bc534d0e244d4a87835ede1011540,
        type: 3}
      propertyPath: m_RootOrder
      value: 10
      objectReference: {fileID: 0}
    - target: {fileID: 8119703389493041442, guid: f76bc534d0e244d4a87835ede1011540,
        type: 3}
      propertyPath: m_LocalEulerAnglesHint.x
      value: 0
      objectReference: {fileID: 0}
    - target: {fileID: 8119703389493041442, guid: f76bc534d0e244d4a87835ede1011540,
        type: 3}
      propertyPath: m_LocalEulerAnglesHint.y
      value: 90
      objectReference: {fileID: 0}
    - target: {fileID: 8119703389493041442, guid: f76bc534d0e244d4a87835ede1011540,
        type: 3}
      propertyPath: m_LocalEulerAnglesHint.z
      value: -90.00001
      objectReference: {fileID: 0}
    m_RemovedComponents: []
  m_SourcePrefab: {fileID: 100100000, guid: f76bc534d0e244d4a87835ede1011540, type: 3}
--- !u!4 &6921622297190581885 stripped
Transform:
  m_CorrespondingSourceObject: {fileID: 8119703389493041442, guid: f76bc534d0e244d4a87835ede1011540,
    type: 3}
  m_PrefabInstance: {fileID: 1198082814624620383}
  m_PrefabAsset: {fileID: 0}
--- !u!1001 &1510709643922719057
PrefabInstance:
  m_ObjectHideFlags: 0
  serializedVersion: 2
  m_Modification:
    m_TransformParent: {fileID: 5346283268901420382}
    m_Modifications:
    - target: {fileID: 3474331627079585014, guid: 2d7cf545fc219804ea38c21ef232b0fc,
        type: 3}
      propertyPath: m_Name
      value: Outdoor table
      objectReference: {fileID: 0}
    - target: {fileID: 3474331627079585014, guid: 2d7cf545fc219804ea38c21ef232b0fc,
        type: 3}
      propertyPath: m_TagString
      value: TableBase
      objectReference: {fileID: 0}
    - target: {fileID: 462771164367634149, guid: 2d7cf545fc219804ea38c21ef232b0fc,
        type: 3}
      propertyPath: m_LocalPosition.x
      value: 0
      objectReference: {fileID: 0}
    - target: {fileID: 462771164367634149, guid: 2d7cf545fc219804ea38c21ef232b0fc,
        type: 3}
      propertyPath: m_LocalPosition.y
      value: -0.7
      objectReference: {fileID: 0}
    - target: {fileID: 462771164367634149, guid: 2d7cf545fc219804ea38c21ef232b0fc,
        type: 3}
      propertyPath: m_LocalPosition.z
      value: 0
      objectReference: {fileID: 0}
    - target: {fileID: 462771164367634149, guid: 2d7cf545fc219804ea38c21ef232b0fc,
        type: 3}
      propertyPath: m_LocalRotation.x
      value: -0.7071068
      objectReference: {fileID: 0}
    - target: {fileID: 462771164367634149, guid: 2d7cf545fc219804ea38c21ef232b0fc,
        type: 3}
      propertyPath: m_LocalRotation.y
      value: 0
      objectReference: {fileID: 0}
    - target: {fileID: 462771164367634149, guid: 2d7cf545fc219804ea38c21ef232b0fc,
        type: 3}
      propertyPath: m_LocalRotation.z
      value: 0
      objectReference: {fileID: 0}
    - target: {fileID: 462771164367634149, guid: 2d7cf545fc219804ea38c21ef232b0fc,
        type: 3}
      propertyPath: m_LocalRotation.w
      value: 0.7071068
      objectReference: {fileID: 0}
    - target: {fileID: 462771164367634149, guid: 2d7cf545fc219804ea38c21ef232b0fc,
        type: 3}
      propertyPath: m_RootOrder
      value: 1
      objectReference: {fileID: 0}
    - target: {fileID: 462771164367634149, guid: 2d7cf545fc219804ea38c21ef232b0fc,
        type: 3}
      propertyPath: m_LocalEulerAnglesHint.x
      value: -90
      objectReference: {fileID: 0}
    - target: {fileID: 462771164367634149, guid: 2d7cf545fc219804ea38c21ef232b0fc,
        type: 3}
      propertyPath: m_LocalEulerAnglesHint.y
      value: 0
      objectReference: {fileID: 0}
    - target: {fileID: 462771164367634149, guid: 2d7cf545fc219804ea38c21ef232b0fc,
        type: 3}
      propertyPath: m_LocalEulerAnglesHint.z
      value: 0
      objectReference: {fileID: 0}
    m_RemovedComponents: []
  m_SourcePrefab: {fileID: 100100000, guid: 2d7cf545fc219804ea38c21ef232b0fc, type: 3}
--- !u!4 &1340675788770934708 stripped
Transform:
  m_CorrespondingSourceObject: {fileID: 462771164367634149, guid: 2d7cf545fc219804ea38c21ef232b0fc,
    type: 3}
  m_PrefabInstance: {fileID: 1510709643922719057}
  m_PrefabAsset: {fileID: 0}
--- !u!1001 &3019580709517838643
PrefabInstance:
  m_ObjectHideFlags: 0
  serializedVersion: 2
  m_Modification:
    m_TransformParent: {fileID: 5277455846171929513}
    m_Modifications:
    - target: {fileID: 3194045501061885794, guid: 2d8501881b82b0047970dd3d5fe352d7,
        type: 3}
      propertyPath: m_Name
      value: Ashtray (6)
      objectReference: {fileID: 0}
    - target: {fileID: 1875994080227138929, guid: 2d8501881b82b0047970dd3d5fe352d7,
        type: 3}
      propertyPath: m_LocalPosition.x
      value: 0.851
      objectReference: {fileID: 0}
    - target: {fileID: 1875994080227138929, guid: 2d8501881b82b0047970dd3d5fe352d7,
        type: 3}
      propertyPath: m_LocalPosition.y
      value: 0.0205
      objectReference: {fileID: 0}
    - target: {fileID: 1875994080227138929, guid: 2d8501881b82b0047970dd3d5fe352d7,
        type: 3}
      propertyPath: m_LocalPosition.z
      value: -0.012000009
      objectReference: {fileID: 0}
    - target: {fileID: 1875994080227138929, guid: 2d8501881b82b0047970dd3d5fe352d7,
        type: 3}
      propertyPath: m_LocalRotation.x
      value: -0.7071068
      objectReference: {fileID: 0}
    - target: {fileID: 1875994080227138929, guid: 2d8501881b82b0047970dd3d5fe352d7,
        type: 3}
      propertyPath: m_LocalRotation.y
      value: 0
      objectReference: {fileID: 0}
    - target: {fileID: 1875994080227138929, guid: 2d8501881b82b0047970dd3d5fe352d7,
        type: 3}
      propertyPath: m_LocalRotation.z
      value: -0
      objectReference: {fileID: 0}
    - target: {fileID: 1875994080227138929, guid: 2d8501881b82b0047970dd3d5fe352d7,
        type: 3}
      propertyPath: m_LocalRotation.w
      value: 0.7071068
      objectReference: {fileID: 0}
    - target: {fileID: 1875994080227138929, guid: 2d8501881b82b0047970dd3d5fe352d7,
        type: 3}
      propertyPath: m_RootOrder
      value: 6
      objectReference: {fileID: 0}
    - target: {fileID: 1875994080227138929, guid: 2d8501881b82b0047970dd3d5fe352d7,
        type: 3}
      propertyPath: m_LocalEulerAnglesHint.x
      value: 0
      objectReference: {fileID: 0}
    - target: {fileID: 1875994080227138929, guid: 2d8501881b82b0047970dd3d5fe352d7,
        type: 3}
      propertyPath: m_LocalEulerAnglesHint.y
      value: 0
      objectReference: {fileID: 0}
    - target: {fileID: 1875994080227138929, guid: 2d8501881b82b0047970dd3d5fe352d7,
        type: 3}
      propertyPath: m_LocalEulerAnglesHint.z
      value: 0
      objectReference: {fileID: 0}
    m_RemovedComponents: []
  m_SourcePrefab: {fileID: 100100000, guid: 2d8501881b82b0047970dd3d5fe352d7, type: 3}
--- !u!4 &3742326385507718210 stripped
Transform:
  m_CorrespondingSourceObject: {fileID: 1875994080227138929, guid: 2d8501881b82b0047970dd3d5fe352d7,
    type: 3}
  m_PrefabInstance: {fileID: 3019580709517838643}
  m_PrefabAsset: {fileID: 0}
--- !u!1001 &4842432243619012099
PrefabInstance:
  m_ObjectHideFlags: 0
  serializedVersion: 2
  m_Modification:
    m_TransformParent: {fileID: 5277455846171929513}
    m_Modifications:
    - target: {fileID: 3194045501061885794, guid: 2d8501881b82b0047970dd3d5fe352d7,
        type: 3}
      propertyPath: m_Name
      value: Ashtray
      objectReference: {fileID: 0}
    - target: {fileID: 1875994080227138929, guid: 2d8501881b82b0047970dd3d5fe352d7,
        type: 3}
      propertyPath: m_LocalPosition.x
      value: 0.751
      objectReference: {fileID: 0}
    - target: {fileID: 1875994080227138929, guid: 2d8501881b82b0047970dd3d5fe352d7,
        type: 3}
      propertyPath: m_LocalPosition.y
      value: 0.0205
      objectReference: {fileID: 0}
    - target: {fileID: 1875994080227138929, guid: 2d8501881b82b0047970dd3d5fe352d7,
        type: 3}
      propertyPath: m_LocalPosition.z
      value: -0.11200001
      objectReference: {fileID: 0}
    - target: {fileID: 1875994080227138929, guid: 2d8501881b82b0047970dd3d5fe352d7,
        type: 3}
      propertyPath: m_LocalRotation.x
      value: -0.7071068
      objectReference: {fileID: 0}
    - target: {fileID: 1875994080227138929, guid: 2d8501881b82b0047970dd3d5fe352d7,
        type: 3}
      propertyPath: m_LocalRotation.y
      value: 0
      objectReference: {fileID: 0}
    - target: {fileID: 1875994080227138929, guid: 2d8501881b82b0047970dd3d5fe352d7,
        type: 3}
      propertyPath: m_LocalRotation.z
      value: -0
      objectReference: {fileID: 0}
    - target: {fileID: 1875994080227138929, guid: 2d8501881b82b0047970dd3d5fe352d7,
        type: 3}
      propertyPath: m_LocalRotation.w
      value: 0.7071068
      objectReference: {fileID: 0}
    - target: {fileID: 1875994080227138929, guid: 2d8501881b82b0047970dd3d5fe352d7,
        type: 3}
      propertyPath: m_RootOrder
      value: 0
      objectReference: {fileID: 0}
    - target: {fileID: 1875994080227138929, guid: 2d8501881b82b0047970dd3d5fe352d7,
        type: 3}
      propertyPath: m_LocalEulerAnglesHint.x
      value: 0
      objectReference: {fileID: 0}
    - target: {fileID: 1875994080227138929, guid: 2d8501881b82b0047970dd3d5fe352d7,
        type: 3}
      propertyPath: m_LocalEulerAnglesHint.y
      value: 0
      objectReference: {fileID: 0}
    - target: {fileID: 1875994080227138929, guid: 2d8501881b82b0047970dd3d5fe352d7,
        type: 3}
      propertyPath: m_LocalEulerAnglesHint.z
      value: 0
      objectReference: {fileID: 0}
    m_RemovedComponents: []
  m_SourcePrefab: {fileID: 100100000, guid: 2d8501881b82b0047970dd3d5fe352d7, type: 3}
--- !u!4 &6429760196400350066 stripped
Transform:
  m_CorrespondingSourceObject: {fileID: 1875994080227138929, guid: 2d8501881b82b0047970dd3d5fe352d7,
    type: 3}
  m_PrefabInstance: {fileID: 4842432243619012099}
  m_PrefabAsset: {fileID: 0}
--- !u!1001 &5052199382407580919
PrefabInstance:
  m_ObjectHideFlags: 0
  serializedVersion: 2
  m_Modification:
    m_TransformParent: {fileID: 5277455846171929513}
    m_Modifications:
    - target: {fileID: 3194045501061885794, guid: 2d8501881b82b0047970dd3d5fe352d7,
        type: 3}
      propertyPath: m_Name
      value: Ashtray (5)
      objectReference: {fileID: 0}
    - target: {fileID: 1875994080227138929, guid: 2d8501881b82b0047970dd3d5fe352d7,
        type: 3}
      propertyPath: m_LocalPosition.x
      value: 0.851
      objectReference: {fileID: 0}
    - target: {fileID: 1875994080227138929, guid: 2d8501881b82b0047970dd3d5fe352d7,
        type: 3}
      propertyPath: m_LocalPosition.y
      value: 0.0205
      objectReference: {fileID: 0}
    - target: {fileID: 1875994080227138929, guid: 2d8501881b82b0047970dd3d5fe352d7,
        type: 3}
      propertyPath: m_LocalPosition.z
      value: -0.21200001
      objectReference: {fileID: 0}
    - target: {fileID: 1875994080227138929, guid: 2d8501881b82b0047970dd3d5fe352d7,
        type: 3}
      propertyPath: m_LocalRotation.x
      value: -0.7071068
      objectReference: {fileID: 0}
    - target: {fileID: 1875994080227138929, guid: 2d8501881b82b0047970dd3d5fe352d7,
        type: 3}
      propertyPath: m_LocalRotation.y
      value: 0
      objectReference: {fileID: 0}
    - target: {fileID: 1875994080227138929, guid: 2d8501881b82b0047970dd3d5fe352d7,
        type: 3}
      propertyPath: m_LocalRotation.z
      value: -0
      objectReference: {fileID: 0}
    - target: {fileID: 1875994080227138929, guid: 2d8501881b82b0047970dd3d5fe352d7,
        type: 3}
      propertyPath: m_LocalRotation.w
      value: 0.7071068
      objectReference: {fileID: 0}
    - target: {fileID: 1875994080227138929, guid: 2d8501881b82b0047970dd3d5fe352d7,
        type: 3}
      propertyPath: m_RootOrder
      value: 5
      objectReference: {fileID: 0}
    - target: {fileID: 1875994080227138929, guid: 2d8501881b82b0047970dd3d5fe352d7,
        type: 3}
      propertyPath: m_LocalEulerAnglesHint.x
      value: 0
      objectReference: {fileID: 0}
    - target: {fileID: 1875994080227138929, guid: 2d8501881b82b0047970dd3d5fe352d7,
        type: 3}
      propertyPath: m_LocalEulerAnglesHint.y
      value: 0
      objectReference: {fileID: 0}
    - target: {fileID: 1875994080227138929, guid: 2d8501881b82b0047970dd3d5fe352d7,
        type: 3}
      propertyPath: m_LocalEulerAnglesHint.z
      value: 0
      objectReference: {fileID: 0}
    m_RemovedComponents: []
  m_SourcePrefab: {fileID: 100100000, guid: 2d8501881b82b0047970dd3d5fe352d7, type: 3}
--- !u!4 &6635449590696284550 stripped
Transform:
  m_CorrespondingSourceObject: {fileID: 1875994080227138929, guid: 2d8501881b82b0047970dd3d5fe352d7,
    type: 3}
  m_PrefabInstance: {fileID: 5052199382407580919}
  m_PrefabAsset: {fileID: 0}
--- !u!1001 &5202004169568067828
PrefabInstance:
  m_ObjectHideFlags: 0
  serializedVersion: 2
  m_Modification:
    m_TransformParent: {fileID: 5277455846171929513}
    m_Modifications:
    - target: {fileID: 3194045501061885794, guid: 2d8501881b82b0047970dd3d5fe352d7,
        type: 3}
      propertyPath: m_Name
      value: Ashtray (2)
      objectReference: {fileID: 0}
    - target: {fileID: 1875994080227138929, guid: 2d8501881b82b0047970dd3d5fe352d7,
        type: 3}
      propertyPath: m_LocalPosition.x
      value: 0.651
      objectReference: {fileID: 0}
    - target: {fileID: 1875994080227138929, guid: 2d8501881b82b0047970dd3d5fe352d7,
        type: 3}
      propertyPath: m_LocalPosition.y
      value: 0.0205
      objectReference: {fileID: 0}
    - target: {fileID: 1875994080227138929, guid: 2d8501881b82b0047970dd3d5fe352d7,
        type: 3}
      propertyPath: m_LocalPosition.z
      value: -0.11200001
      objectReference: {fileID: 0}
    - target: {fileID: 1875994080227138929, guid: 2d8501881b82b0047970dd3d5fe352d7,
        type: 3}
      propertyPath: m_LocalRotation.x
      value: -0.7071068
      objectReference: {fileID: 0}
    - target: {fileID: 1875994080227138929, guid: 2d8501881b82b0047970dd3d5fe352d7,
        type: 3}
      propertyPath: m_LocalRotation.y
      value: 0
      objectReference: {fileID: 0}
    - target: {fileID: 1875994080227138929, guid: 2d8501881b82b0047970dd3d5fe352d7,
        type: 3}
      propertyPath: m_LocalRotation.z
      value: -0
      objectReference: {fileID: 0}
    - target: {fileID: 1875994080227138929, guid: 2d8501881b82b0047970dd3d5fe352d7,
        type: 3}
      propertyPath: m_LocalRotation.w
      value: 0.7071068
      objectReference: {fileID: 0}
    - target: {fileID: 1875994080227138929, guid: 2d8501881b82b0047970dd3d5fe352d7,
        type: 3}
      propertyPath: m_RootOrder
      value: 2
      objectReference: {fileID: 0}
    - target: {fileID: 1875994080227138929, guid: 2d8501881b82b0047970dd3d5fe352d7,
        type: 3}
      propertyPath: m_LocalEulerAnglesHint.x
      value: 0
      objectReference: {fileID: 0}
    - target: {fileID: 1875994080227138929, guid: 2d8501881b82b0047970dd3d5fe352d7,
        type: 3}
      propertyPath: m_LocalEulerAnglesHint.y
      value: 0
      objectReference: {fileID: 0}
    - target: {fileID: 1875994080227138929, guid: 2d8501881b82b0047970dd3d5fe352d7,
        type: 3}
      propertyPath: m_LocalEulerAnglesHint.z
      value: 0
      objectReference: {fileID: 0}
    m_RemovedComponents: []
  m_SourcePrefab: {fileID: 100100000, guid: 2d8501881b82b0047970dd3d5fe352d7, type: 3}
--- !u!4 &5925019217854741893 stripped
Transform:
  m_CorrespondingSourceObject: {fileID: 1875994080227138929, guid: 2d8501881b82b0047970dd3d5fe352d7,
    type: 3}
  m_PrefabInstance: {fileID: 5202004169568067828}
  m_PrefabAsset: {fileID: 0}
--- !u!1001 &5207355243348174396
PrefabInstance:
  m_ObjectHideFlags: 0
  serializedVersion: 2
  m_Modification:
    m_TransformParent: {fileID: 5277455846171929513}
    m_Modifications:
    - target: {fileID: 3194045501061885794, guid: 2d8501881b82b0047970dd3d5fe352d7,
        type: 3}
      propertyPath: m_Name
      value: Ashtray (7)
      objectReference: {fileID: 0}
    - target: {fileID: 1875994080227138929, guid: 2d8501881b82b0047970dd3d5fe352d7,
        type: 3}
      propertyPath: m_LocalPosition.x
      value: 0.851
      objectReference: {fileID: 0}
    - target: {fileID: 1875994080227138929, guid: 2d8501881b82b0047970dd3d5fe352d7,
        type: 3}
      propertyPath: m_LocalPosition.y
      value: 0.0205
      objectReference: {fileID: 0}
    - target: {fileID: 1875994080227138929, guid: 2d8501881b82b0047970dd3d5fe352d7,
        type: 3}
      propertyPath: m_LocalPosition.z
      value: 0.08799999
      objectReference: {fileID: 0}
    - target: {fileID: 1875994080227138929, guid: 2d8501881b82b0047970dd3d5fe352d7,
        type: 3}
      propertyPath: m_LocalRotation.x
      value: -0.7071068
      objectReference: {fileID: 0}
    - target: {fileID: 1875994080227138929, guid: 2d8501881b82b0047970dd3d5fe352d7,
        type: 3}
      propertyPath: m_LocalRotation.y
      value: 0
      objectReference: {fileID: 0}
    - target: {fileID: 1875994080227138929, guid: 2d8501881b82b0047970dd3d5fe352d7,
        type: 3}
      propertyPath: m_LocalRotation.z
      value: -0
      objectReference: {fileID: 0}
    - target: {fileID: 1875994080227138929, guid: 2d8501881b82b0047970dd3d5fe352d7,
        type: 3}
      propertyPath: m_LocalRotation.w
      value: 0.7071068
      objectReference: {fileID: 0}
    - target: {fileID: 1875994080227138929, guid: 2d8501881b82b0047970dd3d5fe352d7,
        type: 3}
      propertyPath: m_RootOrder
      value: 7
      objectReference: {fileID: 0}
    - target: {fileID: 1875994080227138929, guid: 2d8501881b82b0047970dd3d5fe352d7,
        type: 3}
      propertyPath: m_LocalEulerAnglesHint.x
      value: 0
      objectReference: {fileID: 0}
    - target: {fileID: 1875994080227138929, guid: 2d8501881b82b0047970dd3d5fe352d7,
        type: 3}
      propertyPath: m_LocalEulerAnglesHint.y
      value: 0
      objectReference: {fileID: 0}
    - target: {fileID: 1875994080227138929, guid: 2d8501881b82b0047970dd3d5fe352d7,
        type: 3}
      propertyPath: m_LocalEulerAnglesHint.z
      value: 0
      objectReference: {fileID: 0}
    m_RemovedComponents: []
  m_SourcePrefab: {fileID: 100100000, guid: 2d8501881b82b0047970dd3d5fe352d7, type: 3}
--- !u!4 &5930361839679814477 stripped
Transform:
  m_CorrespondingSourceObject: {fileID: 1875994080227138929, guid: 2d8501881b82b0047970dd3d5fe352d7,
    type: 3}
  m_PrefabInstance: {fileID: 5207355243348174396}
  m_PrefabAsset: {fileID: 0}
--- !u!1001 &5523695355557996923
PrefabInstance:
  m_ObjectHideFlags: 0
  serializedVersion: 2
  m_Modification:
    m_TransformParent: {fileID: 5277455846171929513}
    m_Modifications:
    - target: {fileID: 3194045501061885794, guid: 2d8501881b82b0047970dd3d5fe352d7,
        type: 3}
      propertyPath: m_Name
      value: Ashtray (3)
      objectReference: {fileID: 0}
    - target: {fileID: 1875994080227138929, guid: 2d8501881b82b0047970dd3d5fe352d7,
        type: 3}
      propertyPath: m_LocalPosition.x
      value: 0.75100005
      objectReference: {fileID: 0}
    - target: {fileID: 1875994080227138929, guid: 2d8501881b82b0047970dd3d5fe352d7,
        type: 3}
      propertyPath: m_LocalPosition.y
      value: 0.0205
      objectReference: {fileID: 0}
    - target: {fileID: 1875994080227138929, guid: 2d8501881b82b0047970dd3d5fe352d7,
        type: 3}
      propertyPath: m_LocalPosition.z
      value: -0.21200001
      objectReference: {fileID: 0}
    - target: {fileID: 1875994080227138929, guid: 2d8501881b82b0047970dd3d5fe352d7,
        type: 3}
      propertyPath: m_LocalRotation.x
      value: -0.7071068
      objectReference: {fileID: 0}
    - target: {fileID: 1875994080227138929, guid: 2d8501881b82b0047970dd3d5fe352d7,
        type: 3}
      propertyPath: m_LocalRotation.y
      value: 0
      objectReference: {fileID: 0}
    - target: {fileID: 1875994080227138929, guid: 2d8501881b82b0047970dd3d5fe352d7,
        type: 3}
      propertyPath: m_LocalRotation.z
      value: -0
      objectReference: {fileID: 0}
    - target: {fileID: 1875994080227138929, guid: 2d8501881b82b0047970dd3d5fe352d7,
        type: 3}
      propertyPath: m_LocalRotation.w
      value: 0.7071068
      objectReference: {fileID: 0}
    - target: {fileID: 1875994080227138929, guid: 2d8501881b82b0047970dd3d5fe352d7,
        type: 3}
      propertyPath: m_RootOrder
      value: 3
      objectReference: {fileID: 0}
    - target: {fileID: 1875994080227138929, guid: 2d8501881b82b0047970dd3d5fe352d7,
        type: 3}
      propertyPath: m_LocalEulerAnglesHint.x
      value: 0
      objectReference: {fileID: 0}
    - target: {fileID: 1875994080227138929, guid: 2d8501881b82b0047970dd3d5fe352d7,
        type: 3}
      propertyPath: m_LocalEulerAnglesHint.y
      value: 0
      objectReference: {fileID: 0}
    - target: {fileID: 1875994080227138929, guid: 2d8501881b82b0047970dd3d5fe352d7,
        type: 3}
      propertyPath: m_LocalEulerAnglesHint.z
      value: 0
      objectReference: {fileID: 0}
    m_RemovedComponents: []
  m_SourcePrefab: {fileID: 100100000, guid: 2d8501881b82b0047970dd3d5fe352d7, type: 3}
--- !u!4 &6242205712209867786 stripped
Transform:
  m_CorrespondingSourceObject: {fileID: 1875994080227138929, guid: 2d8501881b82b0047970dd3d5fe352d7,
    type: 3}
  m_PrefabInstance: {fileID: 5523695355557996923}
  m_PrefabAsset: {fileID: 0}
--- !u!1001 &6421933288041991009
PrefabInstance:
  m_ObjectHideFlags: 0
  serializedVersion: 2
  m_Modification:
    m_TransformParent: {fileID: 5346283268901420382}
    m_Modifications:
    - target: {fileID: 8181406554276336086, guid: 1f9ffc59fd18242be8a884fa2a4da12c,
        type: 3}
      propertyPath: m_Name
      value: End
      objectReference: {fileID: 0}
    - target: {fileID: 2928097861400041904, guid: 1f9ffc59fd18242be8a884fa2a4da12c,
        type: 3}
      propertyPath: m_LocalPosition.x
      value: 0.8521
      objectReference: {fileID: 0}
    - target: {fileID: 2928097861400041904, guid: 1f9ffc59fd18242be8a884fa2a4da12c,
        type: 3}
      propertyPath: m_LocalPosition.y
      value: 0.0452
      objectReference: {fileID: 0}
    - target: {fileID: 2928097861400041904, guid: 1f9ffc59fd18242be8a884fa2a4da12c,
        type: 3}
      propertyPath: m_LocalPosition.z
      value: 0.2493
      objectReference: {fileID: 0}
    - target: {fileID: 2928097861400041904, guid: 1f9ffc59fd18242be8a884fa2a4da12c,
        type: 3}
      propertyPath: m_LocalRotation.x
      value: 0.32710153
      objectReference: {fileID: 0}
    - target: {fileID: 2928097861400041904, guid: 1f9ffc59fd18242be8a884fa2a4da12c,
        type: 3}
      propertyPath: m_LocalRotation.y
      value: 0.6269015
      objectReference: {fileID: 0}
    - target: {fileID: 2928097861400041904, guid: 1f9ffc59fd18242be8a884fa2a4da12c,
        type: 3}
      propertyPath: m_LocalRotation.z
      value: -0.6269001
      objectReference: {fileID: 0}
    - target: {fileID: 2928097861400041904, guid: 1f9ffc59fd18242be8a884fa2a4da12c,
        type: 3}
      propertyPath: m_LocalRotation.w
      value: 0.32710165
      objectReference: {fileID: 0}
    - target: {fileID: 2928097861400041904, guid: 1f9ffc59fd18242be8a884fa2a4da12c,
        type: 3}
      propertyPath: m_RootOrder
      value: 4
      objectReference: {fileID: 0}
    - target: {fileID: 2928097861400041904, guid: 1f9ffc59fd18242be8a884fa2a4da12c,
        type: 3}
      propertyPath: m_LocalEulerAnglesHint.x
      value: 90.00001
      objectReference: {fileID: 0}
    - target: {fileID: 2928097861400041904, guid: 1f9ffc59fd18242be8a884fa2a4da12c,
        type: 3}
      propertyPath: m_LocalEulerAnglesHint.y
      value: 0
      objectReference: {fileID: 0}
    - target: {fileID: 2928097861400041904, guid: 1f9ffc59fd18242be8a884fa2a4da12c,
        type: 3}
      propertyPath: m_LocalEulerAnglesHint.z
      value: -124.89101
      objectReference: {fileID: 0}
    - target: {fileID: 2928097861400041904, guid: 1f9ffc59fd18242be8a884fa2a4da12c,
        type: 3}
      propertyPath: m_LocalScale.x
      value: 0.081995
      objectReference: {fileID: 0}
    - target: {fileID: 2928097861400041904, guid: 1f9ffc59fd18242be8a884fa2a4da12c,
        type: 3}
      propertyPath: m_LocalScale.y
      value: 0.081995
      objectReference: {fileID: 0}
    - target: {fileID: 2928097861400041904, guid: 1f9ffc59fd18242be8a884fa2a4da12c,
        type: 3}
      propertyPath: m_LocalScale.z
      value: 0.081995
      objectReference: {fileID: 0}
    - target: {fileID: 7732305016691489275, guid: 1f9ffc59fd18242be8a884fa2a4da12c,
        type: 3}
      propertyPath: m_LocalScale.x
      value: 1
      objectReference: {fileID: 0}
    - target: {fileID: 7732305016691489275, guid: 1f9ffc59fd18242be8a884fa2a4da12c,
        type: 3}
      propertyPath: m_LocalScale.y
      value: 1
      objectReference: {fileID: 0}
    - target: {fileID: 7732305016691489275, guid: 1f9ffc59fd18242be8a884fa2a4da12c,
        type: 3}
      propertyPath: m_LocalScale.z
      value: 1
      objectReference: {fileID: 0}
    - target: {fileID: 7752652953549082855, guid: 1f9ffc59fd18242be8a884fa2a4da12c,
        type: 3}
      propertyPath: m_Center.z
      value: 0.32
      objectReference: {fileID: 0}
    - target: {fileID: 7752652953549082855, guid: 1f9ffc59fd18242be8a884fa2a4da12c,
        type: 3}
      propertyPath: m_Radius
      value: 0.53
      objectReference: {fileID: 0}
    m_RemovedComponents: []
  m_SourcePrefab: {fileID: 100100000, guid: 1f9ffc59fd18242be8a884fa2a4da12c, type: 3}
--- !u!1 &2924379490007014071 stripped
GameObject:
  m_CorrespondingSourceObject: {fileID: 8181406554276336086, guid: 1f9ffc59fd18242be8a884fa2a4da12c,
    type: 3}
  m_PrefabInstance: {fileID: 6421933288041991009}
  m_PrefabAsset: {fileID: 0}
--- !u!4 &8195983085639783121 stripped
Transform:
  m_CorrespondingSourceObject: {fileID: 2928097861400041904, guid: 1f9ffc59fd18242be8a884fa2a4da12c,
    type: 3}
  m_PrefabInstance: {fileID: 6421933288041991009}
  m_PrefabAsset: {fileID: 0}
--- !u!1001 &7218905003301849757
PrefabInstance:
  m_ObjectHideFlags: 0
  serializedVersion: 2
  m_Modification:
    m_TransformParent: {fileID: 5346283268901420382}
    m_Modifications:
    - target: {fileID: 4427233329325983082, guid: 68c259836f6ad774bb1229d6b4d6a142,
        type: 3}
      propertyPath: m_Name
      value: Ground
      objectReference: {fileID: 0}
    - target: {fileID: 804992703378503545, guid: 68c259836f6ad774bb1229d6b4d6a142,
        type: 3}
      propertyPath: m_LocalPosition.x
      value: -0
      objectReference: {fileID: 0}
    - target: {fileID: 804992703378503545, guid: 68c259836f6ad774bb1229d6b4d6a142,
        type: 3}
      propertyPath: m_LocalPosition.y
      value: -0.7
      objectReference: {fileID: 0}
    - target: {fileID: 804992703378503545, guid: 68c259836f6ad774bb1229d6b4d6a142,
        type: 3}
      propertyPath: m_LocalPosition.z
      value: 0
      objectReference: {fileID: 0}
    - target: {fileID: 804992703378503545, guid: 68c259836f6ad774bb1229d6b4d6a142,
        type: 3}
      propertyPath: m_LocalRotation.x
      value: -0.7071068
      objectReference: {fileID: 0}
    - target: {fileID: 804992703378503545, guid: 68c259836f6ad774bb1229d6b4d6a142,
        type: 3}
      propertyPath: m_LocalRotation.y
      value: 0
      objectReference: {fileID: 0}
    - target: {fileID: 804992703378503545, guid: 68c259836f6ad774bb1229d6b4d6a142,
        type: 3}
      propertyPath: m_LocalRotation.z
      value: -0
      objectReference: {fileID: 0}
    - target: {fileID: 804992703378503545, guid: 68c259836f6ad774bb1229d6b4d6a142,
        type: 3}
      propertyPath: m_LocalRotation.w
      value: 0.7071068
      objectReference: {fileID: 0}
    - target: {fileID: 804992703378503545, guid: 68c259836f6ad774bb1229d6b4d6a142,
        type: 3}
      propertyPath: m_RootOrder
      value: 0
      objectReference: {fileID: 0}
    - target: {fileID: 804992703378503545, guid: 68c259836f6ad774bb1229d6b4d6a142,
        type: 3}
      propertyPath: m_LocalEulerAnglesHint.x
      value: 0
      objectReference: {fileID: 0}
    - target: {fileID: 804992703378503545, guid: 68c259836f6ad774bb1229d6b4d6a142,
        type: 3}
      propertyPath: m_LocalEulerAnglesHint.y
      value: 0
      objectReference: {fileID: 0}
    - target: {fileID: 804992703378503545, guid: 68c259836f6ad774bb1229d6b4d6a142,
        type: 3}
      propertyPath: m_LocalEulerAnglesHint.z
      value: 0
      objectReference: {fileID: 0}
    - target: {fileID: 2687636658474250678, guid: 68c259836f6ad774bb1229d6b4d6a142,
        type: 3}
      propertyPath: m_Materials.Array.data[0]
      value: 
      objectReference: {fileID: 2100000, guid: 5f49491d5a68bff4db916d0ad86d0462, type: 2}
    m_RemovedComponents: []
  m_SourcePrefab: {fileID: 100100000, guid: 68c259836f6ad774bb1229d6b4d6a142, type: 3}
--- !u!4 &7999900657063624164 stripped
Transform:
  m_CorrespondingSourceObject: {fileID: 804992703378503545, guid: 68c259836f6ad774bb1229d6b4d6a142,
    type: 3}
  m_PrefabInstance: {fileID: 7218905003301849757}
  m_PrefabAsset: {fileID: 0}
--- !u!1001 &7574044439379805983
PrefabInstance:
  m_ObjectHideFlags: 0
  serializedVersion: 2
  m_Modification:
    m_TransformParent: {fileID: 5277455846171929513}
    m_Modifications:
    - target: {fileID: 3194045501061885794, guid: 2d8501881b82b0047970dd3d5fe352d7,
        type: 3}
      propertyPath: m_Name
      value: Ashtray (8)
      objectReference: {fileID: 0}
    - target: {fileID: 1875994080227138929, guid: 2d8501881b82b0047970dd3d5fe352d7,
        type: 3}
      propertyPath: m_LocalPosition.x
      value: 0.851
      objectReference: {fileID: 0}
    - target: {fileID: 1875994080227138929, guid: 2d8501881b82b0047970dd3d5fe352d7,
        type: 3}
      propertyPath: m_LocalPosition.y
      value: 0.0205
      objectReference: {fileID: 0}
    - target: {fileID: 1875994080227138929, guid: 2d8501881b82b0047970dd3d5fe352d7,
        type: 3}
      propertyPath: m_LocalPosition.z
      value: -0.312
      objectReference: {fileID: 0}
    - target: {fileID: 1875994080227138929, guid: 2d8501881b82b0047970dd3d5fe352d7,
        type: 3}
      propertyPath: m_LocalRotation.x
      value: -0.7071068
      objectReference: {fileID: 0}
    - target: {fileID: 1875994080227138929, guid: 2d8501881b82b0047970dd3d5fe352d7,
        type: 3}
      propertyPath: m_LocalRotation.y
      value: 0
      objectReference: {fileID: 0}
    - target: {fileID: 1875994080227138929, guid: 2d8501881b82b0047970dd3d5fe352d7,
        type: 3}
      propertyPath: m_LocalRotation.z
      value: -0
      objectReference: {fileID: 0}
    - target: {fileID: 1875994080227138929, guid: 2d8501881b82b0047970dd3d5fe352d7,
        type: 3}
      propertyPath: m_LocalRotation.w
      value: 0.7071068
      objectReference: {fileID: 0}
    - target: {fileID: 1875994080227138929, guid: 2d8501881b82b0047970dd3d5fe352d7,
        type: 3}
      propertyPath: m_RootOrder
      value: 8
      objectReference: {fileID: 0}
    - target: {fileID: 1875994080227138929, guid: 2d8501881b82b0047970dd3d5fe352d7,
        type: 3}
      propertyPath: m_LocalEulerAnglesHint.x
      value: 0
      objectReference: {fileID: 0}
    - target: {fileID: 1875994080227138929, guid: 2d8501881b82b0047970dd3d5fe352d7,
        type: 3}
      propertyPath: m_LocalEulerAnglesHint.y
      value: 0
      objectReference: {fileID: 0}
    - target: {fileID: 1875994080227138929, guid: 2d8501881b82b0047970dd3d5fe352d7,
        type: 3}
      propertyPath: m_LocalEulerAnglesHint.z
      value: 0
      objectReference: {fileID: 0}
    m_RemovedComponents: []
  m_SourcePrefab: {fileID: 100100000, guid: 2d8501881b82b0047970dd3d5fe352d7, type: 3}
--- !u!4 &8292455007315106414 stripped
Transform:
  m_CorrespondingSourceObject: {fileID: 1875994080227138929, guid: 2d8501881b82b0047970dd3d5fe352d7,
    type: 3}
  m_PrefabInstance: {fileID: 7574044439379805983}
  m_PrefabAsset: {fileID: 0}
--- !u!1001 &7608340978531055354
PrefabInstance:
  m_ObjectHideFlags: 0
  serializedVersion: 2
  m_Modification:
    m_TransformParent: {fileID: 5277455846171929513}
    m_Modifications:
    - target: {fileID: 3194045501061885794, guid: 2d8501881b82b0047970dd3d5fe352d7,
        type: 3}
      propertyPath: m_Name
      value: Ashtray (1)
      objectReference: {fileID: 0}
    - target: {fileID: 1875994080227138929, guid: 2d8501881b82b0047970dd3d5fe352d7,
        type: 3}
      propertyPath: m_LocalPosition.x
      value: 0.75100005
      objectReference: {fileID: 0}
    - target: {fileID: 1875994080227138929, guid: 2d8501881b82b0047970dd3d5fe352d7,
        type: 3}
      propertyPath: m_LocalPosition.y
      value: 0.0205
      objectReference: {fileID: 0}
    - target: {fileID: 1875994080227138929, guid: 2d8501881b82b0047970dd3d5fe352d7,
        type: 3}
      propertyPath: m_LocalPosition.z
      value: -0.012000009
      objectReference: {fileID: 0}
    - target: {fileID: 1875994080227138929, guid: 2d8501881b82b0047970dd3d5fe352d7,
        type: 3}
      propertyPath: m_LocalRotation.x
      value: -0.7071068
      objectReference: {fileID: 0}
    - target: {fileID: 1875994080227138929, guid: 2d8501881b82b0047970dd3d5fe352d7,
        type: 3}
      propertyPath: m_LocalRotation.y
      value: 0
      objectReference: {fileID: 0}
    - target: {fileID: 1875994080227138929, guid: 2d8501881b82b0047970dd3d5fe352d7,
        type: 3}
      propertyPath: m_LocalRotation.z
      value: -0
      objectReference: {fileID: 0}
    - target: {fileID: 1875994080227138929, guid: 2d8501881b82b0047970dd3d5fe352d7,
        type: 3}
      propertyPath: m_LocalRotation.w
      value: 0.7071068
      objectReference: {fileID: 0}
    - target: {fileID: 1875994080227138929, guid: 2d8501881b82b0047970dd3d5fe352d7,
        type: 3}
      propertyPath: m_RootOrder
      value: 1
      objectReference: {fileID: 0}
    - target: {fileID: 1875994080227138929, guid: 2d8501881b82b0047970dd3d5fe352d7,
        type: 3}
      propertyPath: m_LocalEulerAnglesHint.x
      value: 0
      objectReference: {fileID: 0}
    - target: {fileID: 1875994080227138929, guid: 2d8501881b82b0047970dd3d5fe352d7,
        type: 3}
      propertyPath: m_LocalEulerAnglesHint.y
      value: 0
      objectReference: {fileID: 0}
    - target: {fileID: 1875994080227138929, guid: 2d8501881b82b0047970dd3d5fe352d7,
        type: 3}
      propertyPath: m_LocalEulerAnglesHint.z
      value: 0
      objectReference: {fileID: 0}
    m_RemovedComponents: []
  m_SourcePrefab: {fileID: 100100000, guid: 2d8501881b82b0047970dd3d5fe352d7, type: 3}
--- !u!4 &8331271604403743627 stripped
Transform:
  m_CorrespondingSourceObject: {fileID: 1875994080227138929, guid: 2d8501881b82b0047970dd3d5fe352d7,
    type: 3}
  m_PrefabInstance: {fileID: 7608340978531055354}
  m_PrefabAsset: {fileID: 0}
--- !u!1001 &8314822268850589742
PrefabInstance:
  m_ObjectHideFlags: 0
  serializedVersion: 2
  m_Modification:
    m_TransformParent: {fileID: 5277455846171929513}
    m_Modifications:
    - target: {fileID: 1178146976053127761, guid: 804f709e570d93845ac09a639d6cb16f,
        type: 3}
      propertyPath: m_Name
      value: Credit card
      objectReference: {fileID: 0}
    - target: {fileID: 2738971108686305346, guid: 804f709e570d93845ac09a639d6cb16f,
        type: 3}
      propertyPath: m_LocalPosition.x
      value: 0.303
      objectReference: {fileID: 0}
    - target: {fileID: 2738971108686305346, guid: 804f709e570d93845ac09a639d6cb16f,
        type: 3}
      propertyPath: m_LocalPosition.y
      value: 0.04086628
      objectReference: {fileID: 0}
    - target: {fileID: 2738971108686305346, guid: 804f709e570d93845ac09a639d6cb16f,
        type: 3}
      propertyPath: m_LocalPosition.z
      value: -0.114
      objectReference: {fileID: 0}
    - target: {fileID: 2738971108686305346, guid: 804f709e570d93845ac09a639d6cb16f,
        type: 3}
      propertyPath: m_LocalRotation.x
      value: -0.68935955
      objectReference: {fileID: 0}
    - target: {fileID: 2738971108686305346, guid: 804f709e570d93845ac09a639d6cb16f,
        type: 3}
      propertyPath: m_LocalRotation.y
      value: -0.15742777
      objectReference: {fileID: 0}
    - target: {fileID: 2738971108686305346, guid: 804f709e570d93845ac09a639d6cb16f,
        type: 3}
      propertyPath: m_LocalRotation.z
      value: 0.15742777
      objectReference: {fileID: 0}
    - target: {fileID: 2738971108686305346, guid: 804f709e570d93845ac09a639d6cb16f,
        type: 3}
      propertyPath: m_LocalRotation.w
      value: 0.68935955
      objectReference: {fileID: 0}
    - target: {fileID: 2738971108686305346, guid: 804f709e570d93845ac09a639d6cb16f,
        type: 3}
      propertyPath: m_RootOrder
      value: 9
      objectReference: {fileID: 0}
    - target: {fileID: 2738971108686305346, guid: 804f709e570d93845ac09a639d6cb16f,
        type: 3}
      propertyPath: m_LocalEulerAnglesHint.x
      value: -115.728
      objectReference: {fileID: 0}
    - target: {fileID: 2738971108686305346, guid: 804f709e570d93845ac09a639d6cb16f,
        type: 3}
      propertyPath: m_LocalEulerAnglesHint.y
      value: 89.99999
      objectReference: {fileID: 0}
    - target: {fileID: 2738971108686305346, guid: 804f709e570d93845ac09a639d6cb16f,
        type: 3}
      propertyPath: m_LocalEulerAnglesHint.z
      value: -90
      objectReference: {fileID: 0}
    m_RemovedComponents: []
  m_SourcePrefab: {fileID: 100100000, guid: 804f709e570d93845ac09a639d6cb16f, type: 3}
--- !u!4 &6153862653561718892 stripped
Transform:
  m_CorrespondingSourceObject: {fileID: 2738971108686305346, guid: 804f709e570d93845ac09a639d6cb16f,
    type: 3}
  m_PrefabInstance: {fileID: 8314822268850589742}
  m_PrefabAsset: {fileID: 0}
--- !u!1001 &8659888368991494710
PrefabInstance:
  m_ObjectHideFlags: 0
  serializedVersion: 2
  m_Modification:
    m_TransformParent: {fileID: 5277455846171929513}
    m_Modifications:
    - target: {fileID: 3194045501061885794, guid: 2d8501881b82b0047970dd3d5fe352d7,
        type: 3}
      propertyPath: m_Name
      value: Ashtray (4)
      objectReference: {fileID: 0}
    - target: {fileID: 1875994080227138929, guid: 2d8501881b82b0047970dd3d5fe352d7,
        type: 3}
      propertyPath: m_LocalPosition.x
      value: 0.851
      objectReference: {fileID: 0}
    - target: {fileID: 1875994080227138929, guid: 2d8501881b82b0047970dd3d5fe352d7,
        type: 3}
      propertyPath: m_LocalPosition.y
      value: 0.0205
      objectReference: {fileID: 0}
    - target: {fileID: 1875994080227138929, guid: 2d8501881b82b0047970dd3d5fe352d7,
        type: 3}
      propertyPath: m_LocalPosition.z
      value: -0.112
      objectReference: {fileID: 0}
    - target: {fileID: 1875994080227138929, guid: 2d8501881b82b0047970dd3d5fe352d7,
        type: 3}
      propertyPath: m_LocalRotation.x
      value: -0.7071068
      objectReference: {fileID: 0}
    - target: {fileID: 1875994080227138929, guid: 2d8501881b82b0047970dd3d5fe352d7,
        type: 3}
      propertyPath: m_LocalRotation.y
      value: 0
      objectReference: {fileID: 0}
    - target: {fileID: 1875994080227138929, guid: 2d8501881b82b0047970dd3d5fe352d7,
        type: 3}
      propertyPath: m_LocalRotation.z
      value: -0
      objectReference: {fileID: 0}
    - target: {fileID: 1875994080227138929, guid: 2d8501881b82b0047970dd3d5fe352d7,
        type: 3}
      propertyPath: m_LocalRotation.w
      value: 0.7071068
      objectReference: {fileID: 0}
    - target: {fileID: 1875994080227138929, guid: 2d8501881b82b0047970dd3d5fe352d7,
        type: 3}
      propertyPath: m_RootOrder
      value: 4
      objectReference: {fileID: 0}
    - target: {fileID: 1875994080227138929, guid: 2d8501881b82b0047970dd3d5fe352d7,
        type: 3}
      propertyPath: m_LocalEulerAnglesHint.x
      value: 0
      objectReference: {fileID: 0}
    - target: {fileID: 1875994080227138929, guid: 2d8501881b82b0047970dd3d5fe352d7,
        type: 3}
      propertyPath: m_LocalEulerAnglesHint.y
      value: 0
      objectReference: {fileID: 0}
    - target: {fileID: 1875994080227138929, guid: 2d8501881b82b0047970dd3d5fe352d7,
        type: 3}
      propertyPath: m_LocalEulerAnglesHint.z
      value: 0
      objectReference: {fileID: 0}
    m_RemovedComponents: []
  m_SourcePrefab: {fileID: 100100000, guid: 2d8501881b82b0047970dd3d5fe352d7, type: 3}
--- !u!4 &7072556026220445511 stripped
Transform:
  m_CorrespondingSourceObject: {fileID: 1875994080227138929, guid: 2d8501881b82b0047970dd3d5fe352d7,
    type: 3}
  m_PrefabInstance: {fileID: 8659888368991494710}
  m_PrefabAsset: {fileID: 0}
